[Event "16th Serbian-ch Women 2022"]
[Site "Bajina Basta"]
[Date "2022.12.10"]
[Round "5.2"]
[White "Bojicic, Andjela"]
[Black "Grozdanovic, Anastasia"]
[Result "1-0"]
[ECO "D30"]
[WhiteElo "2117"]
[BlackElo "1870"]
[Annotator "TA"]
[PlyCount "115"]
[EventDate "2022.12.06"]
[EventType "tourn"]
[EventCountry "SRB"]
[SourceTitle "playchess.com"]
[Source "ChessBase"]
[SourceQuality "1"]
[TimeControl "40/5400+30:1800+30"]

1. d4 d5 2. Nf3 Nf6 3. e3 e6 4. c4 c6 5. Nbd2 b6 6. Bd3 {[%emt 0:06:13] D30: Queen's Gambit Declined: Systems without Nc3.} Bd6 7. b3 Qe7 8. Bb2 {[%emt 0:03:16] White has an edge.} Nbd7 9. Ne5 Bb7 10. O-O {[%emt 0:03:24] [#]} Ba3 $146 (10... h6 $11) ({Predecessor:} 10... O-O 11. Qe2 c5 12. f4 Ne4 13. cxd5 exd5 14. Nxe4 dxe4 15. Bb5 Nf6 16. Bc6 Rac8 17. Bxb7 Qxb7 {½-½ (37) Siegmund,R (1981)-Kunath,W (1891) Erfurt 2008}) 11. Bxa3 $16 {[%emt 0:04:06] White is much more active. The black rooks are badly placed.} Qxa3 12. Nxd7 Nxd7 13. cxd5 cxd5 14. Bb5 (14. Rc1 $5 ) 14... Qd6 15. Rc1 O-O 16. Qe2 a6 17. Bd3 a5 18. Bb5 Nb8 19. Nf3 f6 20. Rc3 e5 $2 (20... Nc6 $11) 21. Rfc1 $18 e4 {[%emt 0:02:08] [#]} (21... Na6 $142 22. dxe5 fxe5) 22. Ne1 (22. Nh4 $1 $18 {[%cal Rh4f5] and the rest is easy.} Qe6 23. Qh5 (23. Rc7 Ba6 $18)) 22... f5 (22... Na6 $16) 23. g3 ({White should play} 23. Rc7 $18 Ba6 24. g3) 23... f4 (23... Na6 $16) 24. exf4 a4 $2 (24... Na6 25. Ng2 Nb4) 25. bxa4 {[%emt 0:05:35] Strongly threatening Rc7.} Qf6 $2 (25... Na6 {keeps fighting.} 26. f3 Kh8) 26. Rc7 Ba6 27. Qe3 Bxb5 28. axb5 Rxa2 (28... Qf5 $142 29. Re7 Rf7) 29. Qb3 Rd2 30. Qxd5+ Kh8 31. Rc8 h6 32. Qe5 (32. Rxf8+ $142 Qxf8 33. Qxe4) 32... Nd7 33. Qxe4 Rxd4 34. Rxf8+ Nxf8 35. Qe8 Rd8 36. Qc6 Rd6 37. Qc2 Ng6 (37... Rd5 $142 38. Qc6 Qb2 39. Qxd5 Qxc1) 38. Nf3 Nxf4 39. gxf4 Qxf4 40. Qc3 (40. Qc8+ $142 Kh7 41. Rc6) 40... Rf6 41. Ne5 {[%emt 0:12:06] Prevents Qg4+.} (41. Qc8+ Rf8 42. Qc6 Qg4+ 43. Kf1 Rxf3 $11) 41... Qxf2+ 42. Kh1 {[%emt 0:00:03] [#] aiming for Ng4.} Qf4 {[%emt 0:01:31] Against Ng4} 43. Re1 {[%emt 0:02:55] Inhibits Qe4+. Black must now prevent Nd7.} Qh4 $2 (43... h5 44. Nd7 Rd6 45. Qc8+ Kh7 46. Qc2+ Kh6) 44. Qg3 $2 (44. Nd7 {Re8+ would kill now.} Rf5 45. Re8+ Kh7 46. Nf8+ (46. Nxb6 $2 Rf1+ 47. Kg2 Rf2+ 48. Kh1 Qxh2#) 46... Rxf8 47. Qd3+ Kg8 48. Qd5+ Kh7 49. Rxf8 Qe1+ 50. Kg2 Qe2+ 51. Kh3) 44... Qd4 (44... Qb4 $142 45. Nd7 Rf5) 45. Rg1 g5 46. Ng4 Re6 $2 (46... Rf4) 47. Rf1 {[%emt 0:01:27] Threatening mate with Qb8+.} Qd5+ 48. Qg2 Qxb5 (48... Qxg2+ $18 49. Kxg2 Kg7) 49. Qa8+ {[%emt 0:00:33] White mates.} Kh7 50. Qb7+ Kg8 51. Qf7+ Kh8 52. Qf8+ Kh7 53. Rf7+ Kg6 54. Qg7+ ({Not} 54. Nxh6 Kh5 $11) 54... Kh5 55. Nf6+ Rxf6 56. Qxf6 ({Worse is} 56. Rxf6 Qd5+ 57. Kg1 Qd1+ 58. Rf1 Qg4+ 59. Kf2 (59. Kh1 Qe4+ 60. Kg1 Qg4+ 61. Kf2 Qf4+ 62. Ke2 Qe4+ 63. Kd2 Qg2+ 64. Ke1 Qe4+ 65. Kf2 Qf4+ 66. Kg2 Qg4+ 67. Kh1 Qe4+ 68. Kg1 Qg4+ $11) 59... Qf4+ 60. Kg2 Qg4+ 61. Kh1 Qe4+ 62. Kg1 Qg4+ 63. Kh1 Qe4+ 64. Kg1 Qg4+ $11) 56... Qb1+ 57. Qf1 Qb4 58. Rf6 {[%emt 0:00:33] Weighted Error Value: White=0.61/Black=0.63} 1-0

[Event "16th Serbian-ch Women 2022"]
[Site "Bajina Basta"]
[Date "2022.12.10"]
[Round "5.3"]
[White "Vujcic, Milena"]
[Black "Srdanovic, Jovana"]
[Result "1/2-1/2"]
[ECO "B97"]
[WhiteElo "2029"]
[BlackElo "2189"]
[Annotator "TA"]
[PlyCount "66"]
[EventDate "2022.12.06"]
[EventType "tourn"]
[EventCountry "SRB"]
[SourceTitle "playchess.com"]
[Source "ChessBase"]
[SourceQuality "1"]
[TimeControl "40/5400+30:1800+30"]

1. e4 c5 2. Nf3 d6 3. d4 cxd4 4. Nxd4 Nf6 5. Nc3 a6 6. Bg5 e6 7. f4 Qb6 8. Qd2 Nc6 9. O-O-O Qxd4 10. Qxd4 Nxd4 11. Rxd4 h6 {[%emt 0:00:29] B97: Sicilian Najdorf: Poisoned Pawn.} 12. Bxf6 gxf6 13. g3 Bd7 {[%emt 0:05:31] [#]} 14. Bg2 $146 ({Predecessor:} 14. f5 Rc8 15. Bh3 h5 16. Rd3 h4 17. Kd1 Ke7 18. Ne2 hxg3 19. hxg3 Bh6 20. Nf4 {0-1 (41) Carton,P (2240)-Wessman,R (2500) Novi Sad 1990}) 14... h5 15. Rd3 Bc6 16. Bf3 h4 17. f5 hxg3 18. hxg3 Rxh1+ 19. Bxh1 Bh6+ 20. Kd1 Ke7 21. g4 Rg8 22. Rh3 $1 Bf4 23. fxe6 fxe6 24. Bf3 Be5 {[%emt 0:01:42] This pair of bishops is nice.} 25. Kd2 Rg7 26. b4 Kd7 (26... Kf8 $17) 27. Ne2 $11 {[%emt 0:00:00] The position is equal.} Bb5 28. c3 Bc4 29. a4 b6 30. Rh8 Kc7 31. Nd4 Bxd4 32. cxd4 d5 33. exd5 Bxd5 {[%emt 0:00:16] Weighted Error Value: White=0.06 (flawless) /Black=0.08 (flawless)} 1/2-1/2

[Event "16th Serbian-ch Women 2022"]
[Site "Bajina Basta"]
[Date "2022.12.10"]
[Round "5.4"]
[White "Chelushkina, Irina"]
[Black "Drljevic, Ljilja"]
[Result "1-0"]
[ECO "B07"]
[WhiteElo "2173"]
[BlackElo "2175"]
[Annotator "TA"]
[PlyCount "89"]
[EventDate "2022.12.06"]
[EventType "tourn"]
[EventCountry "SRB"]
[SourceTitle "playchess.com"]
[Source "ChessBase"]
[SourceQuality "1"]
[TimeControl "40/5400+30:1800+30"]

1. e4 d6 2. d4 g6 3. Nc3 Bg7 4. g3 Nf6 5. Bg2 O-O 6. h3 Nbd7 7. Nge2 Rb8 8. a4 c5 9. Be3 b6 10. O-O a6 {[%emt 0:14:21] B07: Pirc Defence: Miscellaneous Systems.} 11. f4 cxd4 12. Bxd4 Bb7 {[%emt 0:07:30] The position is equal.} 13. g4 Nc5 14. Ng3 {[%emt 0:01:17] [#]} b5 $146 ({Black should play} 14... Ne6 $11) ({Predecessor:} 14... e6 15. Kh2 b5 16. g5 Ne8 17. Bxg7 Nxg7 18. axb5 axb5 19. b4 Na6 20. Nxb5 Nxb4 21. Nxd6 Nxc2 22. Qxc2 Qxd6 {½-½ (27) Crispin Ferreras,D (2165)-Rodriguez Mejia,E (1813) Santo Domingo 2019}) 15. g5 Nfd7 {[%emt 0:01:40] And now ...e5 would win.} 16. Bxg7 Kxg7 17. axb5 axb5 18. b4 (18. Nxb5 Qb6 19. Nc3 (19. Qd4+ $2 e5 $19) 19... Nb3+ 20. Kh2 Nxa1 21. Qxa1 Kg8 $17) 18... Ne6 (18... Na4 $11 {is superior.} 19. Nxb5 (19. Nxa4 bxa4 20. Qd4+ e5 $14) 19... Ba6) 19. Nd5 (19. Nxb5 $2 Qb6+ 20. Kh1 Qxb5 $19) 19... Nc7 20. Ne3 e5 $1 21. Qxd6 Ne6 (21... exf4 $11 {and Black has nothing to worry.} 22. Qxf4 (22. Rxf4 Ne6 $14) 22... Ne6) 22. f5 $36 {[%emt 0:04:08][%cal Bf4f5,Bf5f6][%mdl 2080] Black is under strong pressure.} (22. fxe5 $6 Qxg5 23. Ra3 (23. Ng4 Rbd8 $17) 23... Bc8 $14) 22... Nxg5 (22... Nf4 {was called for.}) 23. h4 Nxe4 24. Nxe4 {[%emt 0:01:22] Dancing on a razor blade.} (24. Bxe4 Qxh4 25. Rf3 (25. f6+ $2 Kg8 $19) 25... Bxe4 26. fxg6 hxg6 27. Nxe4 Qxe4 $16) 24... Bxe4 25. Bxe4 Qxh4 26. Qxd7 Qxe4 27. f6+ Kh8 28. Qh3 Rbc8 29. Rf2 (29. Qh6 $142 Rg8 30. Rf2) 29... h5 30. Ra3 (30. Qg3 $1 $18 {[%cal Rg3g5] and the rest is easy. Strongly threatening Qg5.} Rc3 31. Re1 (31. Rf3 Kh7 $11)) 30... Qxb4 {[%emt 0:00:33] [#]} (30... Ra8 $16 31. Ng2 Qxb4) 31. Rb3 $2 (31. Qg3 $1 $18 {[%cal Rg3g5] Qg5! is the strong threat.} Qe1+ (31... Rfd8 32. Qg5) 32. Kg2) 31... Qd4 (31... Qe1+ $16 32. Rf1 Qe2) 32. Rd3 ({Weaker is} 32. Rxb5 Rc3 33. Re2 (33. Rb3 Rfc8 $11) 33... Ra8 $11) 32... Qe4 {[%emt 0:00:23] [#]} 33. Qg2 $2 (33. Qg3 $1 $18 {[%cal Rg3g5] Black must now prevent Qg5.} Ra8 34. Qg5) 33... Qh4 {[%emt 0:00:37][%mdl 8192] [#]} (33... Qxg2+ $11 34. Kxg2 Rfd8) 34. Nf5 $1 Qxf6 35. Nd6 $2 (35. Rd6 Qxd6 36. Nxd6) 35... Qe6 36. Nxc8 Rxc8 37. Qg5 Kg8 $2 (37... Kh7 38. Rf6 Qe7) 38. Rf6 Qg4+ 39. Qxg4 hxg4 40. Rd7 Rf8 41. Rb6 Re8 42. Rbb7 f5 43. Rg7+ Kh8 44. Rh7+ Kg8 45. Rbg7+ {[%emt 0:00:00] Weighted Error Value: White=0.53/Black=0.65} 1-0

[Event "16th Serbian-ch Women 2022"]
[Site "Bajina Basta"]
[Date "2022.12.10"]
[Round "5.5"]
[White "Gajcin, Marina"]
[Black "Manakova, Maria"]
[Result "1/2-1/2"]
[ECO "B51"]
[WhiteElo "2219"]
[BlackElo "2160"]
[Annotator "TA"]
[PlyCount "246"]
[EventDate "2022.12.06"]
[EventType "tourn"]
[EventCountry "SRB"]
[SourceTitle "playchess.com"]
[Source "ChessBase"]
[SourceQuality "1"]
[TimeControl "40/5400+30:1800+30"]

1. e4 c5 2. Nf3 Nc6 3. Bb5 d6 4. e5 Bd7 5. exd6 e6 6. O-O Bxd6 7. c3 Nf6 8. d4 Qc7 9. Na3 cxd4 10. cxd4 a6 11. Be2 b5 12. Nc2 O-O 13. Bd3 (13. Bd2 $15 {is more appropriate.}) 13... h6 14. Ne3 Nb4 15. Bb1 Rac8 16. Bd2 Bc6 17. Ne5 Rfd8 (17... Bb7 $17 {...Nc6 is the strong threat.} 18. a4 Nc6 19. axb5 axb5) 18. Qe1 $1 $11 Qe7 (18... Nfd5 {keeps more tension.} 19. Nxd5 Nxd5 20. Ba5 Nb6) 19. a3 $1 Nbd5 20. Nxc6 Rxc6 21. g3 Qd7 (21... Bc7 $5 ) 22. Qe2 Bc7 23. a4 bxa4 24. Rxa4 Rb6 25. Ra2 (25. Nxd5 $11 {was preferrable.} Qxa4 26. Nxf6+ (26. Nxc7 Rxb2 27. Qe3 Rb7 $11) (26. Nxb6 Bxb6 27. Bc3 Bxd4 $15) 26... gxf6 27. Qh5) 25... Nb4 $15 26. Bxb4 Rxb4 27. Nc2 Ra4 28. Ra3 Rxa3 29. bxa3 Qa4 30. Ba2 Rb8 31. Bc4 Rb2 32. Rc1 a5 33. Qd3 Bd6 34. Qc3 Rb8 35. Ba2 Ne4 (35... h5 $17) 36. Qe3 (36. Qd3 $1 $11 {keeps the balance.} Nf6 37. Rb1) 36... Nf6 (36... Ng5 {looks sharper.} 37. Qc3 Qb5 38. Ne3 Qe2) 37. Qc3 $1 ({Much weaker is} 37. Bxe6 fxe6 38. Qxe6+ Kh8 39. Qxd6 Rc8 $17) 37... Ra8 (37... h5 $15) 38. Rb1 (38. Bb3 $11 Qb5 39. a4) 38... Qd7 (38... Ne4 $15 39. Qd3 Rc8 40. Qxe4 Qxc2 41. Qxc2 Rxc2) 39. Ne3 $11 Be7 40. Rd1 Qd6 41. Nc4 Qc6 42. Qd3 Qe4 43. Qd2 Qf3 44. Qc2 (44. Qd3 {simplifies} Qxd3 45. Rxd3 a4 46. Ne3) 44... Rc8 (44... Bxa3 $2 45. Rd3 Qf5 46. Nxa3 $18) 45. Re1 Nh7 (45... Bxa3 $2 46. Re3 Qg4 47. Rxa3 $18) (45... Nd5 $15 46. Bb1 g6) 46. Re3 Qc6 47. h4 (47. Qd3 {is interesting.} Nf6 48. Ne5 Qa8 49. Re1) 47... Nf6 48. Qd3 Nd5 49. Re1 Qa6 50. Rb1 a4 51. Rb2 Qa7 (51... g6 $15) 52. Bb1 $11 Nf6 53. Bc2 (53. Ne5 {with more complications.} Rc1+ 54. Kg2 Qa8+ 55. f3) 53... Qa6 54. Nb6 (54. Ne5 $5 Qxd3 55. Bxd3 $11) 54... Qxd3 55. Bxd3 Rc1+ 56. Kg2 Bxa3 (56... Rd1 $15 57. Bb5 Rxd4) 57. Ra2 $11 Rc3 58. Bc2 (58. Be2 $11 Bf8 59. Rxa4) 58... Bf8 59. Nxa4 Rc4 60. Nb6 Rxd4 61. Ra8 g6 62. Rc8 Kg7 63. Nc4 Nd5 64. Kf3 Nb4 65. Ba4 Be7 66. Ke2 Nd5 67. Bb3 Re4+ 68. Kf3 Re1 69. Ne3 (69. Rb8 $17 {was worth a try.}) 69... Nxe3 $19 70. fxe3 {[%emt 0:00:01] [#]} h5 (70... Bd6 $1 $19 71. Bc4 Rg1) 71. Rc7 Kf6 72. Ba4 Bd6 73. Rd7 Bc5 74. Rd3 Rf1+ 75. Kg2 Ra1 76. Be8 Ke7 77. Bb5 f5 78. Rc3 Ra2+ 79. Kf3 Bd6 80. Bc4 Ra1 81. Kf2 Bb4 82. Rb3 Bd6 (82... Ra4 $17 83. Be2 Kf6) 83. Rb7+ (83. Rc3 $1 $11 {remains equal.}) 83... Kf6 $17 84. Rb6 Rc1 85. Rxd6 Rxc4 86. Ra6 Rc2+ 87. Kf3 Rd2 88. Rb6 Ke5 ({Black should play} 88... Rd3 $17) 89. Rb5+ $1 $11 Rd5 90. Rb8 Rd6 91. Rg8 Kf6 92. Rf8+ Ke7 93. Ra8 e5 94. Ra1 Kf6 95. Rb1 g5 96. Rb8 e4+ 97. Ke2 gxh4 98. gxh4 Kg7 99. Rb7+ Kg6 100. Rb8 Rf6 101. Rg8+ Kh7 102. Re8 Ra6 103. Kf2 Rg6 104. Re7+ Rg7 105. Re5 Rg4 106. Rxf5 Rxh4 107. Kg3 Rg4+ 108. Kh3 Kg6 109. Rf8 Kg7 110. Rf5 Kg6 111. Rf8 Rg5 112. Kh4 Ra5 113. Rf4 Ra4 114. Rf8 Ra3 115. Rg8+ Kf6 116. Kxh5 Rxe3 117. Kg4 Ke5 118. Re8+ Kd4 119. Rd8+ Kc3 120. Kf4 Re1 121. Rc8+ Kd3 122. Rd8+ Kc3 123. Rc8+ Kd3 1/2-1/2

[Event "16th Serbian-ch Women 2022"]
[Site "Bajina Basta"]
[Date "2022.12.11"]
[Round "6.1"]
[White "Eric, Jovana"]
[Black "Manakova, Maria"]
[Result "0-1"]
[ECO "B01"]
[WhiteElo "2245"]
[BlackElo "2160"]
[Annotator "TA"]
[PlyCount "88"]
[EventDate "2022.12.06"]
[EventType "tourn"]
[EventCountry "SRB"]
[SourceTitle "playchess.com"]
[Source "ChessBase"]
[SourceQuality "1"]
[TimeControl "40/5400+30:1800+30"]

1. e4 d5 2. exd5 Qxd5 3. Nc3 Qa5 4. Bc4 Nf6 5. d3 Bg4 6. f3 Bd7 {[%emt 0:05:07] B01: Scandinavian Defence.} 7. Be3 e6 8. Qd2 Bb4 {[%emt 0:02:36] The position is equal.} 9. Nge2 {[%emt 0:02:17] [#]} Nd5 $146 ({Predecessor:} 9... Nc6 10. O-O O-O 11. a3 Bd6 12. Bb5 Rfd8 13. Nc1 Bb4 14. axb4 Qxa1 15. N1a2 Qxb2 {1-0 (40) Herrou,C-Lagunes,J (2095) France 1999}) 10. Bxd5 exd5 11. O-O-O Nc6 12. d4 Bf5 13. g4 Bg6 14. h4 h5 15. Bg5 (15. Rdg1 {simplifies} O-O-O 16. gxh5 Bxc3 17. Nxc3 Rxh5 18. a3) 15... f6 $1 16. gxh5 (16. Nf4 Bf7 17. Rde1+ Kf8 18. gxh5 Bxc3 19. bxc3 Qxa2 $17) 16... Bxh5 {[%emt 0:03:49] A strong pair of Bishops.} 17. Qe3+ (17. Bf4 $1 $15) 17... Kd7 (17... Kf7 $1 $17 {Threatens to win with ...Rhe8.} 18. a3 Bxc3 19. Nxc3 Rae8) 18. Bf4 $11 Rae8 {[%emt 0:05:11] Inhibits a3.} 19. Qd3 Bf7 {[%emt 0:05:09] Active counter play!} 20. a3 Re6 {[%emt 0:10:19] [#]} 21. Nb1 $2 (21. Nxd5 $1 $16 Rxe2 22. Nxb4 (22. Qxe2 Bxd5 23. axb4 Qa1+ 24. Kd2 Qxb2 $14)) 21... Bg8 22. Ng3 (22. axb4 $2 Nxb4 23. Qb3 Na2+ $19) (22. Qg6 $14 Bf8 23. Qg4) 22... Bh7 (22... Kc8 {simplifies} 23. Qg6 Bf8 24. Nf5 Nd8) 23. Qb3 (23. axb4 $2 Nxb4 24. Qc3 Na2+ 25. Kd2 Nxc3 $19) 23... Bd6 24. Bxd6 Rxd6 25. h5 Re8 26. h6 g5 27. Rd2 {[%emt 0:05:42] [#]} (27. Qxb7 $2 Rb8 $19) (27. f4 $14 {stays ahead.}) 27... b5 ({Black should play} 27... Qa6 $1 $17) 28. Nh5 b4 29. a4 $2 {[%emt 0:01:00][%mdl 8192] Black keeps a firm grip on the game.} (29. Ng7 $11 {and White stays safe.} Rb8 30. a4) 29... Qb6 $19 {[%emt 0:04:01] White must now prevent ...Na5.} 30. a5 Qxa5 (30... Nxa5 $142 31. Qa4+ Kd8) 31. f4 (31. Ng7 {is the only way for White.} Re7 32. f4) 31... g4 32. Qg3 f5 33. Qh4 Ree6 {[%emt 0:01:29] Against Nf6+} (33... Rxh6 34. Nf6+ Rxf6 35. Qxf6 $18) 34. Qg5 {[%emt 0:00:52] Prevents b3.} Kc8 (34... Rxh6 $2 {is the wrong capture.} 35. b3 $19) 35. Ng7 $2 {[%emt 0:00:19] Inhibits b3.} (35. Qg7 Rxh6 36. Ng3 Rxh1+ 37. Nxh1) 35... Re4 {[%emt 0:01:59] And now ...b3 would win.} ({Less strong is} 35... Rf6 36. Ne8 Rfe6 37. Nxd6+ cxd6 38. Rdd1 $16 (38. Qg7 Qc7 $16)) 36. Nxf5 Rde6 37. Qxg4 $2 (37. Ng3 Re1+ 38. Rxe1 Rxe1+ 39. Rd1 Rxd1+ 40. Kxd1) 37... Kb7 $2 (37... b3 38. Ng3 Re3) 38. Ng7 $2 (38. Ng3 {nothing else works.} Re1+ 39. Rxe1 Rxe1+ 40. Rd1) 38... Re7 {[%emt 0:01:27] aiming for ...b3.} 39. Nh5 Nxd4 {[%emt 0:00:29] ( -> ...Re1+)} 40. Nf6 Re1+ {[%emt 0:00:18] Black mates.} 41. Rxe1 Rxe1+ 42. Rd1 {[%emt 0:00:05] [#]} Nb3+ $1 43. cxb3 Qc5+ 44. Nc3 Qe3# {[%emt 0:00:00] Weighted Error Value: White=0.94/Black=0.45} 0-1

[Event "16th Serbian-ch Women 2022"]
[Site "Bajina Basta"]
[Date "2022.12.11"]
[Round "6.2"]
[White "Drljevic, Ljilja"]
[Black "Gajcin, Marina"]
[Result "0-1"]
[ECO "A45"]
[WhiteElo "2175"]
[BlackElo "2219"]
[Annotator "TA"]
[PlyCount "50"]
[EventDate "2022.12.06"]
[EventType "tourn"]
[EventCountry "SRB"]
[SourceTitle "playchess.com"]
[Source "ChessBase"]
[SourceQuality "1"]
[TimeControl "40/5400+30:1800+30"]

1. d4 Nf6 2. Bg5 c5 3. dxc5 Na6 4. Bxf6 gxf6 5. e4 e6 {[%emt 0:18:28] [#]} 6. Nd2 $146 {[%emt 0:10:35] A45: Trompowsky Attack.} ({Predecessor:} 6. c3 Nxc5 7. Nd2 b5 8. b4 Na4 9. Qb3 a6 10. c4 Qb6 11. c5 Qc7 12. Ne2 {0-1 (28) Engels,M-Koch,T (2315) Mittelrhein 1994}) 6... Bxc5 7. Nh3 Qb6 8. Nc4 {[%emt 0:05:37] The position is equal.} Qc6 9. Qf3 b5 {[%emt 0:09:37] Against c3} 10. Ne3 (10. Qxf6 $11 {keeps the balance.} Qxe4+ 11. Ne3) 10... Bb4+ $17 11. Kd1 {[%emt 0:01:13] [#]} Be7 12. Bd3 Bb7 13. Re1 ({White should try} 13. Qh5 $15) 13... Nc5 14. Ng4 $2 (14. Ke2) 14... Nxd3 (14... f5 $142 15. Nh6 Rc8) 15. cxd3 $19 Rc8 {[%emt 0:00:44][%csl Gc8][%cal Rc6c2] [#]} 16. Re2 {[%emt 0:00:52] Prevents Qc2+.} (16. Ne3 $142) 16... f5 $1 17. Nh6 (17. Ne3 $142) 17... Rf8 18. Qg3 fxe4 19. dxe4 Qc4 20. e5 $2 (20. Qb3 f5 21. Qxc4 bxc4 22. exf5) 20... Bb4 {[%emt 0:03:54] ( -> ...Qd4+)} 21. Nf4 Be4 {[%emt 0:00:44] Black mates.} 22. Qe3 Bc2+ {[%emt 0:00:44] This pair of bishops is nice.} 23. Kc1 Bd3+ 24. Kd1 Bxe2+ 25. Qxe2 Qxf4 {[%emt 0:00:05] Black took control after the opening.   Weighted Error Value: White=1.00/Black=0.14 (very precise)} 0-1

[Event "16th Serbian-ch Women 2022"]
[Site "Bajina Basta"]
[Date "2022.12.11"]
[Round "6.3"]
[White "Srdanovic, Jovana"]
[Black "Chelushkina, Irina"]
[Result "1/2-1/2"]
[ECO "D32"]
[WhiteElo "2189"]
[BlackElo "2173"]
[Annotator "TA"]
[PlyCount "50"]
[EventDate "2022.12.06"]
[EventType "tourn"]
[EventCountry "SRB"]
[SourceTitle "playchess.com"]
[Source "ChessBase"]
[SourceQuality "1"]
[TimeControl "40/5400+30:1800+30"]

1. d4 e6 2. c4 d5 3. Nc3 c5 4. cxd5 exd5 5. Nf3 Nc6 6. Bf4 Nf6 7. e3 c4 {[%emt 0:01:44] 7...Be7 is not played anymore.} 8. Be2 {[%emt 0:00:00] D32: Tarrasch Defence: Sidelines and lines without g3.} Bb4 9. O-O Bxc3 10. bxc3 {[%emt 0:00:00] The position is equal.} Ne4 {[%emt 0:00:02] Prevents Bg5.} 11. Qc2 Bf5 {[%emt 0:04:48][%cal Oe4g3] Threatening ...Ng3!} 12. Qb2 O-O 13. Nd2 Nxd2 14. Qxd2 b5 15. f3 Re8 {[%emt 0:01:09] [#]} 16. Rae1 $146 ({Predecessor:} 16. Rfe1 a6 17. Bd1 Ra7 18. Bg3 Rae7 19. Bh4 f6 20. Bf2 Qa5 21. a3 Qd8 22. a4 {1-0 (46) Wahono,A (2390)-Tuchenhagen,A (2182) Shenyang 1999}) 16... a6 17. Bg3 Ra7 18. Kh1 Rb7 19. Bd1 Bd3 {[%emt 0:00:16] Inhibits e4.} 20. Rg1 Qa5 {[%emt 0:19:01] Inhibits e4.} (20... b4 $17) 21. e4 dxe4 {[%emt 0:00:54] White must now prevent ...b4.} 22. d5 {[%emt 0:00:00][%cal Bd4d5,Bd5d6][%mdl 32] Prevents b4.} Nd8 ({Better is} 22... Ne5 $15) 23. fxe4 $14 Bxe4 $2 {[%emt 0:08:48] [#]} (23... b4 $14) 24. d6 f5 25. Bf3 {[%emt 0:02:32][%mdl 1024] Hoping for Bxe4. White has strong compensation.} b4 {[%emt 0:26:48] Weighted Error Value: White=0.18 (very precise) /Black=0.25 (precise)} 1/2-1/2

[Event "16th Serbian-ch Women 2022"]
[Site "Bajina Basta"]
[Date "2022.12.11"]
[Round "6.4"]
[White "Grozdanovic, Anastasia"]
[Black "Vujcic, Milena"]
[Result "1-0"]
[ECO "D96"]
[WhiteElo "1870"]
[BlackElo "2029"]
[Annotator "TA"]
[PlyCount "47"]
[EventDate "2022.12.06"]
[EventType "tourn"]
[EventCountry "SRB"]
[SourceTitle "playchess.com"]
[Source "ChessBase"]
[SourceQuality "1"]
[TimeControl "40/5400+30:1800+30"]

1. d4 Nf6 2. c4 g6 3. Nc3 d5 4. Nf3 Bg7 5. Qb3 c6 6. cxd5 cxd5 7. Bg5 Nc6 {[%emt 0:08:41] has lost popularity (7...0-0).} 8. e3 e6 9. Ne5 {[%emt 0:14:22] D96: Grünfeld: Russian System (5 Qb3): sidelines.} O-O {[%emt 0:03:08] [#]} 10. Bb5 $146 ({Predecessor:} 10. Be2 Qb6 11. Qxb6 axb6 12. f4 h6 13. Bh4 Nh7 14. O-O g5 15. Bg3 f5 16. Nb5 Bxe5 17. fxe5 {1-0 (30) Gulko,B (2583)-Andrianov,N (2482) Philadelphia 2003}) 10... Na5 11. Qc2 {[%emt 0:07:42] White is slightly better.} a6 12. Bd3 b5 13. O-O Qb6 14. b3 Ra7 15. Rac1 $36 {[%emt 0:03:43][%mdl 2048] White has some pressure.} Ne4 $2 {[%emt 0:06:50][%mdl 8192] This costs Black the game.} (15... Nd7 $1 $14) 16. Bxe4 $18 ({Not} 16. Nxe4 dxe4 17. Bxe4 Bb7 18. Bxb7 Qxb7 $18) 16... dxe4 17. Nxe4 h6 $2 (17... f5 18. Nf6+ Bxf6 19. Bxf6 Nc4 20. bxc4 Rxf6) 18. Nf6+ {[%emt 0:04:31] Pair of Knights!} Kh8 {[%emt 0:00:16] [#]} 19. Nxg6+ $1 fxg6 {[%emt 0:00:25] White is clearly winning.} 20. Qxg6 Rxf6 21. Bxf6 Nc6 22. Qe8+ Kh7 23. Bxg7 {[%emt 0:01:23] Qh8+ is the strong threat.} Rxg7 24. Qxc8 {[%emt 0:00:58] Weighted Error Value: White=0.14 (very precise) /Black=1.07} 1-0